 Dungeon Crawl Stone Soup version 0.29.1-13-g9f3cf754e1 (webtiles) character file.

Game seed: 10111308062544580093

791 concernfroge the Covert (level 7, -4/28 HPs)
             Began as a Felid Transmuter on Jan 28, 2023.
             Was an Initiate of Ru.
             Killed from afar by an acid dragon (32 damage)
             ... with a splash of acid
             ... on level 8 of the Dungeon.
             The game lasted 00:28:45 (8163 turns).

concernfroge the Covert (Felid Transmuter)          Turns: 8163, Time: 00:28:47

Health: -4/28      AC:  6    Str: 12    XL:     7   Next: 57%
Magic:  6/11       EV: 29    Int: 15    God:    Ru [......]
Gold:   88         SH:  0    Dex: 25    Spells: 0/10 levels left
                                        Lives:  0   Deaths: 2

rFire   . . .      SeeInvis +     - Unarmed
rCold   . . .      Faith    .   (shield unavailable)
rNeg    . . .      Spirit   .   (body armour unavailable)
rPois   x          Reflect  .   (helmet unavailable)
rElec   .          Harm     .   (cloak unavailable)
rCorr   .          Rampage  .   (gloves unavailable)
Will    +....                   (boots unavailable)
Stlth   +++++.....              (no amulet)
HPRegen 0.09/turn               h - +4 ring of protection
MPRegen 0.12/turn               i - +6 ring of strength

@: spider-form, wereblooded
A: venomous fangs, tiny, (claws 1), (fangs 3), see invisible, (speed 1), (shaggy
fur 2), (stealthy paws), no weapons or thrown items, no armour, multi-lived
a: End Transformation, Renounce Religion


You were on level 8 of the Dungeon.
You worshipped Ru.
Ru was noncommittal.
You were a venomous arachnid creature.
You visited 2 branches of the dungeon, and saw 9 of its levels.
You also visited: Sewer.

You collected 417 gold pieces.
You spent 329 gold pieces at shops.

Inventory:

Jewellery
 h - a +4 ring of protection (left front leg)
 i - a +6 ring of strength (right front leg)
 q - a +6 ring of dexterity
 w - a ring of magical power
Wands
 t - a wand of flame (43)
Scrolls
 c - 2 scrolls of magic mapping {unknown}
 d - 4 scrolls of immolation
 e - 5 scrolls of teleportation
 j - 2 scrolls of blinking {unknown}
 l - a scroll of silence {unknown}
 r - a scroll of poison
 s - a scroll of enchant weapon {unknown}
 v - 2 scrolls of enchant armour {unknown}
Potions
 a - a potion of lignification
 b - a potion of berserk rage
 f - 3 potions of heal wounds
 g - 4 potions of attraction
 k - 4 potions of curing
 m - 3 potions of might
 n - 2 potions of magic
 o - a potion of invisibility
 p - 2 potions of cancellation
 u - a potion of haste


   Skills:
 - Level 1.0 Fighting
 + Level 8.6 Dodging
 + Level 8.6 Stealth
 + Level 6.9 Unarmed Combat
 - Level 2.0 Spellcasting
 + Level 5.0 Transmutations
 + Level 3.6 Ice Magic
 + Level 4.7 Poison Magic


You couldn't memorise any spells.
You knew the following spells:

 Your Spells              Type           Power      Damage    Failure   Level
a - Beastly Appendage     Tmut           32%        N/A       10%         1
b - Wereblood             Tmut           16%        N/A       13%         2
c - Spider Form           Tmut/Pois      16%        N/A       22%         3
d - Ice Form              Ice/Tmut       14%        N/A       58%         4

Your spell library contained the following spells:

 Spells                   Type           Power      Damage    Failure   Level
 Necrotise                Necr           4%         1d4       43%         1
 Static Discharge         Conj/Air       1%         3-4/arc   54%         2
 Dazzling Flash           Conj/Hex       2%         N/A       75%         3
 Vampiric Draining        Necr           1%         2d6       75%         3
 Dispel Undead            Necr           1%         3d6       98%         4
 Sticky Flame             Conj/Fire      1%         2d3       98%         4
 Agony                    Necr           1%         N/A       100%        5
 Silence                  Hex/Air        0%         N/A       100%        5


Dungeon Overview and Level Annotations

Branches:
Dungeon (8/15)             Temple (1/1) D:6           Sewer (visited)
   Lair: D:8-11

Altars:
Ashenzari
Cheibriados
Dithmenos
Elyvilon
Fedhas
Hepliaklqana
Makhleb
Nemelex Xobeh
Qazlal
Ru
Trog
Vehumet
Wu Jian
Xom
Yredelemnul
Zin
The Shining One

Shops:
D:1 !   D:3 *   D:5 !?!*

Annotations:
D:3 Dowan, Duvessa
D:4 Grinder
D:7 Maggie


Innate Abilities, Weirdness & Mutations

You are a venomous arachnid creature.
You have poisonous fangs.
You are tiny and dextrous.
Your spellcasting is less reliable in this form.
((You have sharp claws.))
((You have razor-sharp teeth.))
You have supernaturally acute eyesight. (SInv)
((You cover ground quickly. (Speed+)))
((You are covered in thick fur. (AC +2)))
((Your paws help you pounce on unaware monsters.))
You are incapable of wielding weapons or throwing items.
You cannot wear armour.
You gain extra lives every three experience levels.


Message History

Casting: Spider Form (quite dangerous; 9% risk of failure)
Confirm with . or Enter, or press ? or * to list all spells.
The spell is quite dangerous to miscast (9% risk of failure)!
Continue anyway?
You turn into a venomous arachnid creature.
An acid dragon comes into view.
You strike the helpless acid dragon from behind!
You hit the acid dragon.
The acid dragon is poisoned.
The acid dragon is moderately wounded.
The acid dragon spits acid at you. The splash of acid hits you!!
Ouch! That really hurt!
* * * LOW HITPOINT WARNING * * *
The acid corrodes you!
You hear an angry hiss.
You feel much better. The acid dragon completely misses you.
The acid dragon closely misses you.
You hit the acid dragon.
The acid dragon is heavily wounded.
The acid dragon spits acid at you. The splash of acid hits you!!
Ouch! That really hurt!
You die...
Your shape twists and changes as you die.
The acid corrodes you!
You are now level 7!
Your transformation has ended.
You rejoin the land of the living...
An acid dragon is nearby!
Casting: Spider Form (quite dangerous; 9% risk of failure)
Confirm with . or Enter, or press ? or * to list all spells.
The spell is quite dangerous to miscast (9% risk of failure)!
Continue anyway?
You turn into a venomous arachnid creature.
The acid dragon roars!
Casting: Spider Form (quite dangerous; 22% risk of failure)
Confirm with . or Enter, or press ? or * to list all spells.
Your blood is infused with primal strength.
The acid dragon spits acid at you. The splash of acid hits you!!
Ouch! That really hurt!
You die...

#.........# #.#
#.........###.#######
#...D...............##
#.........##...###...#
#.........#.....##.#..
#..............###...#
#####.#######.## #####
#........# #.#
#.###s##.# #.#
#.###.##.# ##'##
#.##..##.###...##
#.##.###.##.....##
#)#..###.#.......## #
#..............[..####
###.................'...
#......#.##.........####
#.#.#..#.###.......## #


You could see an acid dragon (poisoned, catching breath).

Vanquished Creatures
  Sigmund (D:2)
  A wyvern (D:8)
  Eustachio (D:4)
  Menkaure (D:8)
  A water moccasin (D:5)
  2 black bears (D:7)
  2 sky beasts (D:7)
  An ogre (D:7)
  2 centaurs
  A phantom (D:4)
  3 bullfrogs
  4 kobold brigands (Sewer)
  5 scorpions
  A necrophage (D:6)
  3 killer bees (D:8)
  A howler monkey (D:5)
  3 jellies
  5 hounds
  An iguana (D:5)
  4 orc wizards
  A hound skeleton (D:6)
  Robin (D:2)
  8 gnolls (D:2)
  4 adders
  A river rat (D:3)
  2 shadow imps
  A white imp (D:5)
  3 ufetubi
  2 worms
  A dart slug (D:2)
  22 orcs
  4 endoplasms
  4 giant cockroaches
  17 goblins
  6 hobgoblins
  11 jackals
  2 quokkas
  8 ball pythons
  10 bats
  5 frilled lizards
  17 kobolds
  7 rats
180 creatures vanquished.

Vanquished Creatures (others)
  5 plants (D:2)
5 creatures vanquished.

Grand Total: 185 creatures vanquished

Notes
Turn   | Place    | Note
-------+----------+-------------------------------------------
     0 | D:1      | concernfroge the Felid Transmuter began the quest for the
                  | Orb.
     0 | D:1      | Reached XP level 1. HP: 9/9 MP: 4/4
   571 | D:1      | Reached skill level 1 in Stealth
   632 | D:1      | Reached XP level 2. HP: 12/12 MP: 4/6
   635 | D:1      | Learned a level 2 spell: Wereblood
   653 | D:1      | Found a faded altar of an unknown god.
   670 | D:1      | Found Gyenel's Distillery.
   686 | D:1      | Bought a potion of heal wounds for 55 gold pieces
  1307 | D:2      | Reached XP level 3. HP: 15/15 MP: 3/7
  1372 | D:2      | Noticed Sigmund
  1383 | D:2      | Killed Sigmund
  1384 | D:2      | Reached XP level 4. HP: 19/19 MP: 5/8
  1384 | D:2      | Reached XP level 5. HP: 22/22 MP: 5/9
  1388 | D:2      | Learned a level 3 spell: Spider Form
  2147 | D:2      | Noticed Robin
  2163 | D:2      | Killed Robin
  2164 | D:2      | Gained mutation: You are covered in thick fur. (AC +2)
                  | [Felid growth]
  2164 | D:2      | Reached XP level 6. HP: 25/25 MP: 2/10
  2454 | D:2      | Reached skill level 1 in Poison Magic
  2754 | D:3      | Reached skill level 5 in Dodging
  2865 | D:3      | Found a glowing drain.
  2896 | Sewer    | Entered a sewer
  3224 | Sewer    | Reached XP level 7. HP: 28/28 MP: 6/11
  3230 | Sewer    | Reached skill level 5 in Stealth
  3474 | D:3      | Found Uxaj's General Store.
  3645 | D:4      | Noticed Duvessa
  3645 | D:4      | Noticed Dowan
  3857 | D:4      | Reached skill level 5 in Unarmed Combat
  4260 | D:4      | Noticed Eustachio
  4286 | D:4      | Killed Eustachio
  4287 | D:4      | Reached XP level 8. HP: 24/32 MP: 2/12
  4394 | D:4      | Noticed Grinder
  4399 | D:5      | Entered Level 5 of the Dungeon
  4401 | D:5      | Reached skill level 5 in Transmutations
  4406 | D:5      | Learned a level 4 spell: Ice Form
  4422 | D:5      | Found Facumaz's General Store.
  4432 | D:5      | Bought a scroll of identify for 24 gold pieces
  4432 | D:5      | Bought a potion of curing for 36 gold pieces
  4432 | D:5      | Bought a scroll of poison for 48 gold pieces
  4432 | D:5      | Bought a potion of curing for 36 gold pieces
  4450 | D:5      | Found Tunidu's Distillery.
  4529 | D:5      | Found Ylogoh's Magic Scroll Emporium.
  4535 | D:5      | Bought a potion of berserk rage for 65 gold pieces
  4821 | D:5      | Found Duijiar's Distillery.
  5093 | D:5      | Reached skill level 1 in Ice Magic
  5357 | D:5      | Found a stormy altar of Qazlal.
  6077 | D:5      | Bought a scroll of identify for 26 gold pieces
  6077 | D:5      | Bought a scroll of teleportation for 39 gold pieces
  6105 | D:6      | Found a bloodstained altar of Trog.
  6369 | D:6      | Found a staircase to the Ecumenical Temple.
  6428 | Temple   | Entered the Ecumenical Temple
  6612 | Temple   | Became a worshipper of Ru the Awakened
  6994 | D:6      | Found a burning altar of Makhleb.
  7008 | D:6      | Reached XP level 9. HP: 35/35 MP: 13/13
  7113 | D:6      | Found an ornate altar of the Wu Jian Council.
  7554 | D:7      | Noticed Menkaure
  7558 | D:7      | Noticed Maggie
  7567 | D:8      | Killed Menkaure
  8140 | D:8      | Noticed a two-headed ogre
  8148 | D:8      | Slain by a two-headed ogre
  8149 | D:8      | Reached XP level 8. HP: 0/32 MP: 10/12
  8155 | D:8      | Killed from afar by an acid dragon
  8156 | D:8      | Reached XP level 7. HP: -2/28 MP: 10/11
  8163 | D:8      | Killed from afar by an acid dragon

Illustrated notes

Levels and vault maps discovered:
D:1:      minmay_arrival_checkered_box, layout_loops_ring,
          ebering_ecumenical_altar_rust, serial_shops, nicolae_shop_statue_plus
D:2:      minmay_angry_zag, layout_basic, grunt_ministairs_14,
          nicolae_grassy_gnolls, uniq_robin, uniq_sigmund
D:3:      layout_rooms, nicolae_overflow_hidden_temple,
          cheibrodos_sewer_entry_sluice, serial_shops, shop,
          nicolae_elevator_lobby_plus
D:4:      layout_rooms, uniq_duvessa, uniq_grinder, uniq_eustachio
D:5:      layout_basic, mainiacjoe_overflow_tiny_flanked, serial_shops,
          nicolae_shop_competitors_out_of_business, nicolae_shop_hallway_plus,
          shop, nicolae_shop_statue_plus, grunt_ministairs_11
D:6:      layout_basic, makhleb_blood_cavern_becter, mainiacjoe_overflow_paths,
          lemuel_crystal_altar, minmay_temple_entry_junction_2, minivault_23,
          kennysheep_generic_room_12
D:7:      layout_rooms, nicolae_uskayaw_en_pointe, lemuel_round_altar,
          uniq_maggie, uniq_menkaure
D:8:      layout_loops_corners, uniq_grum
Temple:   hellmonk_temple_forest_ring

Skill      XL: |  1  2  3  4  5  6  7  8  9 |
---------------+----------------------------+-----
Dodging        | 3 4 5 6 7 8 |  8.6
Stealth        | 1 2 3 4 6 7 8 |  8.6
Unarmed Combat | 4 5 6 |  6.9
Transmutations | 3 4 5 |  5.0
Poison Magic   | 1 2 4 |  4.7
Ice Magic      | 2 3 |  3.6
Fighting       | |  1.0
Spellcasting   | |  2.0

Action                   |  1- 3 |  4- 6 |  7- 9 || total
-------------------------+-------+-------+-------++-------
Melee: Unarmed           |    64 |   178 |   276 ||   518
       Headbutt          |     3 |     7 |     3 ||    13
       Bite              |     2 |     7 |    10 ||    19
       Punch             |     1 |       |     1 ||     2
 Cast: Beastly Appendage |     5 |    13 |     2 ||    20
       Wereblood         |     3 |    19 |    24 ||    46
       Spider Form       |       |    10 |    32 ||    42
  Use: Potion            |     2 |     1 |     1 ||     4
       Scroll            |       |       |     6 ||     6
 Stab: Sleeping          |     2 |     6 |    13 ||    21
       Distracted        |       |       |     1 ||     1
Armor: Skin              |     6 |    33 |    37 ||    76
Dodge: Dodged            |    51 |   208 |   310 ||   569
